 Dungeon Crawl Stone Soup version 0.23-a0-726-g9fa1570 (webtiles) character file.

273 Borgoz the Skirmisher (level 6, 0/56 HPs)
             Began as a Hill Orc Fighter on Jan 16, 2019.
             Slain by Grinder (1 damage)
             ... on level 3 of the Dungeon.
             The game lasted 00:05:24 (3331 turns).

Borgoz the Skirmisher (Hill Orc Fighter)            Turns: 3331, Time: 00:05:25

Health: 0/56       AC:  7    Str: 24    XL:     6   Next: 23%
Magic:  6/6        EV:  7    Int:  8    God:
Gold:   120        SH: 10    Dex: 12    Spells: 5/5 levels left

rFire    . . .     SeeInvis .   a - +0 war axe
rCold    . . .     Gourm    .   c - +0 shield
rNeg     . . .     Faith    .   b - +0 scale mail
rPois    .         Spirit   .   (no helmet)
rElec    .         Reflect  .   (no cloak)
rCorr    .         Harm     .   (no gloves)
MR       .....                  (no boots)
Stlth    ..........             (no amulet)
HPRegen  0.18/turn              (no ring)
MPRegen  0.10/turn              (no ring)

@: mighty
A: no striking features
a: no special abilities


You were on level 3 of the Dungeon.
You were not hungry.

You visited 1 branch of the dungeon, and saw 3 of its levels.

You collected 120 gold pieces.

Inventory:

Hand Weapons
 a - a +0 war axe (weapon)
Armour
 b - a +0 scale mail (worn)
 c - a +0 shield (worn)
Scrolls
 e - a scroll of magic mapping {unknown}
 h - 2 scrolls of identify {unknown}
 k - a scroll of enchant weapon {unknown}
 m - a scroll of teleportation {unknown}
Potions
 g - 3 potions of curing {unknown}
 i - 4 potions of haste {unknown}
 j - 2 potions of agility {unknown}
 l - 2 potions of magic {unknown}
 n - a potion of flight {unknown}
 o - a potion of mutation {unknown}
 p - a potion of ambrosia {unknown}
 q - a potion of brilliance {unknown}
 s - a potion of berserk rage {unknown}
Comestibles
 f - 4 rations


   Skills:
 + Level 5.1 Fighting
 + Level 4.7 Axes
 + Level 4.6 Armour
 + Level 4.6 Shields


You had 5 spell levels left.
You didn't know any spells.
Your spell library was empty.

Dungeon Overview and Level Annotations

Branches:
Dungeon (3/15)

Altars:

Annotations:
D:3 Grinder


Message History

Pain shoots through your body!
You hit Grinder.
Grinder is almost dead.
Grinder gestures at you.
You suddenly lose the ability to move!
Grinder blinks!
You can move again.
You closely miss Grinder.
Grinder is almost dead.
Grinder gestures at you. Pain shoots through your body!
* * * LOW HITPOINT WARNING * * *
Grinder gestures at you. Pain shoots through your body!
* * * LOW HITPOINT WARNING * * *
You feel very mighty all of a sudden. Grinder hits you.
* * * LOW HITPOINT WARNING * * *
You writhe in agony.
You die...

....###............##..##.# ##
#..... #..........#.....##.#
.####..#....#..........####..##.#
......... .########.## #....#.#
#.......# ...###..###.#....#
#.†.....# # #..###.....#...##
.<.......#.#.#####.....#.#.#...##
.....###..........#......#.#.....
..##.# #?@5..............# ### ..
#......######..........# .#
.....[...## #..........# .##
###..... ###........# ..# #..###
#.####.......<.. ..# ##..#
#......#....#.## ..######....#
##.##.......#.## ..##........#
#......##...#.##
............######..#...##.....##


You could see Grinder.

Vanquished Creatures
  A bullfrog skeleton (D:3)
  2 orc priests
  An orc wizard (D:3)
  A gnoll (D:1)
  6 adders
  An ooze (D:2)
  A worm (D:2)
  7 dart slugs
  5 orcs
  6 giant cockroaches
  11 goblins
  8 hobgoblins
  3 jackals (D:2)
  8 kobolds
  2 quokkas (D:2)
  A ball python (D:2)
  3 bats
  3 frilled lizards
  7 rats
77 creatures vanquished.

Notes
Turn   | Place    | Note
-------+----------+-------------------------------------------
     0 | D:1      | Borgoz the Hill Orc Fighter began the quest for the Orb.
     0 | D:1      | Reached XP level 1. HP: 19/19 MP: 1/1
    10 | D:1      | Noticed an ogre
    75 | D:1      | Reached XP level 2. HP: 27/27 MP: 2/2
   433 | D:1      | Reached skill level 4 in Fighting
   466 | D:1      | Reached XP level 3. HP: 27/33 MP: 3/3
  1255 | D:2      | Reached XP level 4. HP: 29/40 MP: 4/4
  1843 | D:2      | Reached XP level 5. HP: 20/47 MP: 5/5
  2941 | D:3      | Reached skill level 5 in Fighting
  2942 | D:3      | Reached XP level 6. HP: 33/56 MP: 6/6
  3303 | D:3      | Noticed Grinder
  3309 | D:3      | Paralysed by Grinder for 7 turns
  3324 | D:3      | Paralysed by Grinder for 5 turns
  3331 | D:3      | HP: 1/56 [Grinder (5)]
  3331 | D:3      | Slain by Grinder

Vault maps used:
D:1:      evilmike_arrival_come_back
D:3:      uniq_grinder

Skill      XL: |  1  2  3  4  5 |
---------------+----------------+-----
Axes           | 3 4 |  4.7
Fighting       | 4 5 |  5.1
Armour         | 4 |  4.6
Shields        | 4 |  4.6

Action                   |  1- 3 |  4- 6 || total
-------------------------+-------+-------++-------
Melee: War axe           |    71 |   159 ||   230
  Use: Potion            |       |     1 ||     1
  Eat: Chunk             |     1 |     7 ||     8
Armor: Scale mail        |    28 |    54 ||    82
Dodge: Dodged            |    28 |    55 ||    83
Block: Shield            |    40 |    90 ||   130

Table legend:
 A = Non-vault XP
 B = Vault XP
 C = Vault XP percentage of total XP
 D = Non-vault monster count
 E = Vault monster count
 F = Vault count percentage of total count
                 A         B        C        D         E       F
            +---------+---------+-------+---------+---------+-------
      Total |     390 |       0 |   0.0 |      77 |       0 |   0.0
            +---------+---------+-------+---------+---------+-------
        D:1 |      72 |       0 |   0.0 |      28 |       0 |   0.0
        D:2 |     165 |       0 |   0.0 |      32 |       0 |   0.0
        D:3 |     153 |       0 |   0.0 |      17 |       0 |   0.0
            +---------+---------+-------+---------+---------+-------
